 Dungeon Crawl Stone Soup version 0.20-a0-1025-g4706f7e (webtiles) character file.

44 dvd the Chiller (level 3, -1/24 HPs)
             Began as a Demonspawn Ice Elementalist on Apr 19, 2017.
             Was an Initiate of Cheibriados.
             Slain by Natasha (5 damage)
             ... on level 2 of the Dungeon.
             The game lasted 00:02:42 (1468 turns).

dvd the Chiller (Demonspawn Ice Elementalist)       Turns: 1468, Time: 00:02:43

Health: -1/24      AC:  2    Str:  9    XL:     3   Next: 41%
Magic:  1/7        EV: 12    Int: 18    God:    Cheibriados [......]
Gold:   107        SH:  0    Dex: 14    Spells: 4/7 levels left

rFire    . . .     SeeInvis .   m - +0 whip
rCold    . . .     Gourm    .   (no shield)
rNeg     . . .     Faith    .   a - +0 robe
rPois    .         Spirit   .   (no helmet)
rElec    .         Reflect  .   (no cloak)
rCorr    .         Harm     .   (no gloves)
MR       .....                  (no boots)
Stlth    ++........             (no amulet)
Regen    0.1/turn               (no ring)
MPRegen  0.1/turn               (no ring)

@: very slightly contaminated, slow
A: hooves 1
a: Bend Time, Renounce Religion


You were on level 2 of the Dungeon.
You worshipped Cheibriados.
Cheibriados was noncommittal.
You were not hungry.

You visited 1 branch of the dungeon, and saw 2 of its levels.

You collected 107 gold pieces.

Inventory:

Hand Weapons
 f - a +0 mace
 g - a +0 short sword
 m - a +0 whip (weapon)
 r - a +0 mace
Armour
 a - a +0 robe (worn)
Scrolls
 h - 2 scrolls of remove curse {unknown}
 k - a scroll of immolation {unknown}
 o - 2 scrolls of identify {unknown}
Potions
 d - a potion of flight {unknown}
 e - a potion of might {unknown}
 i - a potion of agility {unknown}
 j - a potion of curing
 l - a potion of resistance {unknown}
 n - a potion of degeneration {unknown}
 p - a potion of haste {unknown}
Books
 b - a book of Frost

   Spells                             Type                      Level
   a - Freeze                         Ice                          1
   b - Throw Frost                    Conjuration/Ice              2
   c - Ozocubu's Armour               Charms/Ice                   3
   d - Throw Icicle                   Conjuration/Ice              4
   e - Summon Ice Beast               Ice/Summoning                4
Comestibles
 c - 2 bread rations
 q - a royal jelly


   Skills:
 + Level 2.0 Dodging
 + Level 1.9 Stealth
 + Level 2.7 Spellcasting
 + Level 1.0 Conjurations
 + Level 3.3 Ice Magic


You had 4 spell levels left.
You knew the following spells:

 Your Spells              Type           Power        Failure   Level  Hunger
a - Freeze                Ice            ##..         4%          1    #......
b - Throw Frost           Conj/Ice       ##....       11%         2    ##.....


Dungeon Overview and Level Annotations

Branches:
Dungeon (2/15)

Altars:
Cheibriados
Zin

Annotations:
D:2 Natasha


Innate Abilities, Weirdness & Mutations

You have large cloven feet.


Message History

Casting: Freeze
Confirm with . or Enter, or press ? or * to list all spells.
Aiming: Freeze
Press: ? - help, Shift-Dir - straight line, f/p - Natasha
Aim: Natasha (moderately wounded)
You freeze Natasha.
Natasha is moderately wounded.
The bat barely misses you.
Natasha mumbles some strange words.
Casting: Freeze
Confirm with . or Enter, or press ? or * to list all spells.
Aiming: Freeze
Press: ? - help, Shift-Dir - straight line, f/p - Natasha
Aim: Natasha (moderately wounded)
You freeze Natasha.
Natasha is heavily wounded.
The bat hits you.
* * * LOW HITPOINT WARNING * * *
Natasha claws you.
You die...

#. ##?......## # #.#
###.........# #.
..##...........#
.#..............#
...............# #
#..##.........#
....#####.###รท......#
.......K..b..........#
#.######.@h.5........#
#.##..........#
#.##..........#
#.###.........#
#######.# #........##
........###.......##
######...####..####
##.## #..#
#.#####..#####


You could see Natasha, a white imp, a bat and a kobold.

Vanquished Creatures
  Natasha (D:2)
  2 dart slugs (D:1)
  A ball python (D:1)
  A giant cockroach (D:1)
  2 goblins
  2 hobgoblins (D:1)
  3 bats
  5 rats
17 creatures vanquished.

Notes
Turn   | Place    | Note
-------+----------+-------------------------------------------
     0 | D:1      | dvd the Demonspawn Ice Elementalist began the quest for the Orb.
     0 | D:1      | Reached XP level 1. HP: 13/13 MP: 3/3
   394 | D:1      | Gained mutation: You have large cloven feet. [demonic ancestry]
   394 | D:1      | Reached XP level 2. HP: 18/19 MP: 1/5
   435 | D:1      | Reached skill level 3 in Ice Magic
   516 | D:1      | Learned a level 2 spell: Throw Frost
  1335 | D:2      | Found a glowing silver altar of Zin.
  1335 | D:2      | Found a snail-covered altar of Cheibriados.
  1342 | D:2      | Became a worshipper of Cheibriados the Contemplative
  1383 | D:2      | Noticed Natasha
  1392 | D:2      | Killed Natasha
  1392 | D:2      | Reached XP level 3. HP: 16/24 MP: 0/7
  1457 | D:2      | Noticed Natasha
  1468 | D:2      | Slain by Natasha

Vault maps used:
D:1:      minmay_arrival_open_corners
D:2:      gammafunk_temple_overflow_pools, uniq_natasha

Skill      XL: |  1  2 |
---------------+-------+-----
Ice Magic      | 3 |  3.3
Dodging        | 2 |  2.0
Stealth        | |  1.9
Spellcasting   | |  2.7
Conjurations   | |  1.0

Action                   || total
-------------------------++-------
Melee: Unarmed           ||     3
       Short sword       ||     2
       Whip              ||    10
       Kick              ||     1
 Cast: Freeze            ||    33
       Throw Frost       ||     1
  Eat: Chunk             ||     2
Armor: Robe              ||     6
Dodge: Dodged            ||    22
